 Dungeon Crawl Stone Soup version 0.29-a0-284-gf9362112df (webtiles) character file.

Game seed: 4159616523885947670

80 ryw the Grasshopper (level 4, -1/32 HPs)
             Began as a Gnoll Wanderer on Mar 20, 2022.
             Slain by a hobgoblin (2 damage)
             ... on level 3 of the Dungeon.
             The game lasted 00:05:41 (3423 turns).

ryw the Grasshopper (Gnoll Wanderer)                Turns: 3423, Time: 00:05:41

Health: -1/32      AC:  6    Str: 12    XL:     4   Next: 39%
Magic:  8/8        EV: 10    Int: 16    God:
Gold:   78         SH:  0    Dex:  8    Spells: 5/9 levels left

rFire   . . .      SeeInvis .   i - +1 war axe (vorpal)
rCold   . . .      Faith    .   (no shield)
rNeg    . . .      Spirit   .   d - +0 ring mail
rPois   .          Reflect  .   (no helmet)
rElec   .          Harm     .   (no cloak)
rCorr   .          Rampage  .   (no gloves)
Will    .....                   (no boots)
Stlth   +.........              (no amulet)
HPRegen 0.10/turn               (no ring)
MPRegen 0.11/turn               (no ring)

@: no status effects
A: fangs 1, strong nose, distributed training
a: no special abilities


You were on level 3 of the Dungeon.
You visited 1 branch of the dungeon, and saw 3 of its levels.

You collected 78 gold pieces.

Inventory:

Hand Weapons
 i - a +1 vorpal war axe (weapon)
Missiles
 c - 206 stones (quivered)
 e - 11 poisoned darts
 k - 4 boomerangs
Armour
 d - a +0 ring mail (worn)
Scrolls
 a - a scroll of amnesia {unknown}
 m - a scroll of silence
 o - 2 scrolls of identify
Potions
 b - a potion of ambrosia {unknown}
 f - a potion of curing
 g - a potion of flight {unknown}
 h - a potion of lignification {unknown}
 j - a potion of resistance {unknown}
 l - a potion of might {unknown}
 n - a potion of haste {unknown}


   Skills:
 + Level 1.1 Fighting
 + Level 1.1 Short Blades
 + Level 1.1 Long Blades
 + Level 1.1 Axes
 + Level 1.1 Maces & Flails
 + Level 1.1 Polearms
 + Level 1.1 Staves
 + Level 1.1 Slings
 + Level 1.1 Bows
 + Level 1.1 Crossbows
 + Level 1.1 Throwing
 + Level 4.6 Armour
 + Level 2.7 Dodging
 + Level 2.5 Stealth
 + Level 1.1 Shields
 + Level 1.1 Unarmed Combat
 + Level 3.0 Spellcasting
 + Level 0.9 Conjurations
 + Level 0.9 Hexes
 + Level 0.9 Summonings
 + Level 0.9 Necromancy
 + Level 7.1 Translocations
 + Level 0.9 Transmutations
 + Level 0.9 Fire Magic
 + Level 0.9 Ice Magic
 + Level 0.9 Air Magic
 + Level 2.2 Earth Magic
 + Level 0.9 Poison Magic
 + Level 1.2 Invocations
 + Level 1.1 Evocations


You had 5 spell levels left.
You knew the following spells:

 Your Spells              Type           Power      Damage    Failure   Level
a - Teleport Other        Tloc           25%        N/A       6%          3
b - Sandblast             Erth           18%        2d7       16%         1

Your spell library contained the following spells:

 Spells                   Type           Power      Damage    Failure   Level
 Apportation              Tloc           50%        N/A       2%          1
 Passage of Golubria      Tloc           25%        N/A       22%         4
 Magic Dart               Conj           20%        1d4       26%         1
 Passwall                 Tmut/Erth      5%         N/A       30%         2
 Call Imp                 Summ           5%         N/A       38%         2
 Stone Arrow              Conj/Erth      14%        3d7       52%         3
 Mephitic Cloud           Conj/Pois/Air  5%         N/A       63%         3
 Borgnjor's Revivificati  Necr           2%         N/A       100%        8
 Necromutation            Tmut/Necr      2%         N/A       100%        8
 Death's Door             Necr           2%         N/A       100%        9


Dungeon Overview and Level Annotations

Branches:
Dungeon (3/15)

Altars:
Elyvilon

Shops:
D:1 !

Annotations:
D:3 1 runed translucent door, bande's ghost, novice GrFi


Innate Abilities, Weirdness & Mutations

You have very sharp teeth.
Your uncanny sense of smell can sniff out nearby items.
Your experience applies equally to all skills.


Message History

You kill the kobold!
The orc priest begins to cast a cantrip, but forgets the words!
You closely miss the orc. Your bite misses the orc.
The orc priest looks braver for a moment.
The orc hits you with a +0 hand axe.
You hit the orc but do no damage. The orc barely misses you.
The orc closely misses you.
You closely miss the orc. The orc hits you with a +0 hand axe.
You hit the orc.
The orc is heavily wounded.
The orc hits you with a +0 hand axe. The orc hits you but does no damage.
You barely miss the orc.
The orc is heavily wounded.
The orc hits you with a +0 hand axe.
You closely miss the orc.
The orc is heavily wounded.
The orc closely misses you. The orc hits you with a +0 hand axe.
You barely miss the orc. You punch the orc. You bite the orc, but do no damage.
The orc is severely wounded.
The orc hits you with a +0 hand axe.
You hit the orc but do no damage.
The orc is severely wounded.
The orc barely misses you.
You hit the orc.
You kill the orc!
The orc priest invokes the aid of Beogh against you.
Beogh smites you!
* * * LOW HITPOINT WARNING * * *
The hobgoblin barely misses you.
You closely miss the hobgoblin. You bite the hobgoblin.
The hobgoblin is lightly wounded.
The hobgoblin hits you but does no damage.
You hit the hobgoblin.
The hobgoblin is heavily wounded.
The hobgoblin barely misses you. The hobgoblin hits you.
* * * LOW HITPOINT WARNING * * *
You barely miss the hobgoblin. You bite the hobgoblin.
The hobgoblin is heavily wounded.
The hobgoblin hits you.
You die...

.........+ ..... .........#
#.... .........# .... .........#
###..## ...).....# ..... #
.........# #.)# ##8# ###......#
#o# ##8... #......# #g# ####....
###..#########@#########.#_....
#..........#..[.........##....
###.###≈###..........#######8...
#...#.#≈#.#..........# #8#
#.###.#≈#.###........#### #
#.....#≈#.....)..#####..##
#.###.#≈#.###....## #.######
#...#.#≈#.#....#..# #.+SSW≈∆
#...###≈###.##+#..####.###


You could see an orc priest and a hobgoblin.

Vanquished Creatures
  2 adders (D:2)
  5 dart slugs
  2 orcs (D:3)
  2 ball pythons
  7 endoplasms
  A giant cockroach (D:1)
  2 goblins
  5 hobgoblins
  2 quokkas (D:1)
  5 bats
  5 frilled lizards
  6 kobolds
  6 rats
50 creatures vanquished.

Notes
Turn   | Place    | Note
-------+----------+-------------------------------------------
     0 | D:1      | ryw the Gnoll Wanderer began the quest for the Orb.
     0 | D:1      | ryw set off with the following items: a +0 club, a potion
                  | of heal wounds, 35 stones, a +0 ring mail; and the
                  | following spells available to memorise: Apportation,
                  | Teleport Other, Sandblast, Passage of Golubria, Stone Arrow
     0 | D:1      | Reached XP level 1. HP: 13/13 MP: 4/4
   743 | D:1      | Reached XP level 2. HP: 19/19 MP: 5/5
  1531 | D:1      | HP: 1/20 [endoplasm (2)]
  1607 | D:1      | Reached XP level 3. HP: 25/25 MP: 7/7
  1611 | D:1      | Learned a level 3 spell: Teleport Other
  1751 | D:1      | Found Newissow's Distillery.
  2316 | D:2      | Reached skill level 1 in Invocations
  2324 | D:2      | Learned a level 1 spell: Sandblast
  2574 | D:2      | Found a faded altar of an unknown god.
  2790 | D:2      | Reached skill level 1 in Fighting
  2790 | D:2      | Reached skill level 1 in Short Blades
  2790 | D:2      | Reached skill level 1 in Long Blades
  2790 | D:2      | Reached skill level 1 in Axes
  2790 | D:2      | Reached skill level 1 in Maces & Flails
  2790 | D:2      | Reached skill level 1 in Polearms
  2790 | D:2      | Reached skill level 1 in Staves
  2790 | D:2      | Reached skill level 1 in Slings
  2790 | D:2      | Reached skill level 1 in Bows
  2790 | D:2      | Reached skill level 1 in Crossbows
  2790 | D:2      | Reached skill level 1 in Throwing
  2790 | D:2      | Reached skill level 1 in Shields
  2790 | D:2      | Reached skill level 1 in Unarmed Combat
  2790 | D:2      | Reached skill level 1 in Evocations
  2930 | D:2      | Reached XP level 4. HP: 26/32 MP: 8/8
  3373 | D:3      | Found a runed translucent door.
  3373 | D:3      | Noticed bande's ghost (novice GrFi)
  3387 | D:3      | Found a white marble altar of Elyvilon.
  3422 | D:3      | HP: 1/32 [hobgoblin (1)]
  3423 | D:3      | Slain by a hobgoblin

Illustrated notes

Levels and vault maps discovered:
D:1:      grunt_arrival_crossed_arrows, layout_loops_ring, serial_shops,
          nicolae_shop_advertising_works [nicolae_subvault_shop_adworks],
          hex_large
D:2:      layout_loops_ring, shapermc_ecumenical_altar_totnotflames
D:3:      layout_basic, nicolae_overflow_hidden_temple, ebering_ghost_sewer_d,
          grunt_decor_cap

Skill      XL: |  1  2  3  4 |
---------------+-------------+-----
Earth Magic    | 2 |  2.2
Invocations    | 1 |  1.2
Fighting       | 1 |  1.1
Short Blades   | 1 |  1.1
Long Blades    | 1 |  1.1
Axes           | 1 |  1.1
Maces & Flails | 1 |  1.1
Polearms       | 1 |  1.1
Staves         | 1 |  1.1
Slings         | 1 |  1.1
Bows           | 1 |  1.1
Crossbows      | 1 |  1.1
Throwing       | 1 |  1.1
Shields        | 1 |  1.1
Unarmed Combat | 1 |  1.1
Evocations     | 1 |  1.1
Spellcasting   | 3 |  3.0
Armour         | |  4.6
Dodging        | |  2.7
Stealth        | |  2.5
Conjurations   | |  0.9
Hexes          | |  0.9
Summonings     | |  0.9
Necromancy     | |  0.9
Translocations | |  7.1
Transmutations | |  0.9
Fire Magic     | |  0.9
Ice Magic      | |  0.9
Air Magic      | |  0.9
Poison Magic   | |  0.9

Action                   |  1- 3 |  4- 6 || total
-------------------------+-------+-------++-------
Melee: Club              |   137 |       ||   137
       Bite              |     9 |     5 ||    14
       Punch             |     2 |     2 ||     4
       War axe           |    21 |    43 ||    64
Throw: Stone             |     3 |       ||     3
 Cast: Teleport Other    |     1 |       ||     1
  Use: Potion            |     1 |       ||     1
       Scroll            |     4 |     3 ||     7
Armor: Ring mail         |    77 |    11 ||    88
Dodge: Dodged            |    94 |    28 ||   122

Table legend: (Time is in decaauts)
 A = Elapsed time spent in this place.
 B = Non-inter-level travel time spent in this place.
 C = Inter-level travel time spent in this place.
 D = Time resting spent in this place.
 E = Time spent auto-exploring this place.
 F = Levels seen in this place.
 G = Mean time per level.
                   A        B        C        D        E       F      G
               +--------+--------+--------+--------+--------+-----+--------+
         Total |   3489 |   3456 |     33 |   1098 |   1795 |   3 | 1163.0 |
       Dungeon |   3489 |   3456 |     33 |   1098 |   1795 |   3 | 1163.0 |
               +--------+--------+--------+--------+--------+-----+--------+

Top non-repeatable levels by time:
     D:1: 1952 daAuts
     D:2: 1274 daAuts
     D:3: 262 daAuts
